 Dungeon Crawl Stone Soup version 0.30-a0-643-g638baaf3f0 (webtiles) character file.

Game seed: 15170047283616651229

67 Absynth the Sneak (level 4, 0/24 HPs)
             Began as a Kobold Enchanter on Jan 16, 2023.
             Slain by Sigmund
             ... wielding a +0 scythe
              (12 damage)
             ... on level 2 of the Dungeon.
             The game lasted 00:04:57 (1959 turns).

Absynth the Sneak (Kobold Enchanter)                Turns: 1959, Time: 00:04:58

Health: 0/24       AC:  2    Str:  5    XL:     4   Next: 40%
Magic:  8/8        EV: 15    Int: 18    God:
Gold:   88         SH:  0    Dex: 21    Spells: 7/9 levels left

rFire   . . .      SeeInvis .    q - +1 dagger (venom)
rCold   . . .      Faith    .    (no shield)
rNeg    . . .      Spirit   .    b - +0 robe
rPois   .          Reflect  .    (no helmet)
rElec   .          Harm     .    (no cloak)
rCorr   .          Rampage  .    (no gloves)
Will    .....                    (no boots)
Stlth   ++++                     (no amulet)
HPRegen 0.24/turn                a - +6 ring of dexterity
MPRegen 0.11/turn                (no ring)

@: no status effects
A: small, no large weapons, nightstalker 3
a: no special abilities


You were on level 2 of the Dungeon.
You visited 1 branch of the dungeon, and saw 2 of its levels.

You collected 88 gold pieces.

Inventory:

Hand Weapons
 l - a +1 short sword of venom
 q - a +1 dagger of venom (weapon)
Missiles
 i - 6 atropa-tipped darts (quivered)
 m - 2 poisoned darts
Armour
 b - a +0 robe (worn)
Jewellery
 a - a +6 ring of dexterity (left hand)
Scrolls
 f - a scroll of fear {unknown}
 g - 2 scrolls of brand weapon {unknown}
 j - 3 scrolls of teleportation {unknown}
 o - a scroll of acquirement {unknown}
 p - a scroll of poison {unknown}
Potions
 c - 2 potions of invisibility
 d - 2 potions of haste {unknown}
 e - 2 potions of cancellation {unknown}
 h - a potion of mutation {unknown}
 k - a potion of curing {unknown}
 n - a potion of brilliance {unknown}


   Skills:
 + Level 2.4 Short Blades
 - Level 2.4 Dodging
 * Level 5.1 Stealth
 * Level 3.0 Spellcasting
 + Level 3.3 Hexes


You had 7 spell levels left.
You knew the following spells:

 Your Spells              Type           Power      Damage    Failure   Level
a - Ensorcelled Hibernat  Hex/Ice        16%        N/A       12%         2

Your spell library contained the following spells:

 Spells                   Type           Power      Damage    Failure   Level
 Confusing Touch          Hex            14%        N/A       12%         3
 Tukima's Dance           Hex            14%        N/A       12%         3
 Dazzling Flash           Conj/Hex       16%        N/A       24%         3


Dungeon Overview and Level Annotations

Branches:
Dungeon (2/15)

Altars:

Annotations:
D:2 Sigmund


Innate Abilities, Weirdness & Mutations

You are small and have problems with some larger weapons.
You are completely attuned to the shadows.


Message History

You impale the adder!!
You kill the adder!
Found a long sword.
a - a +6 ring of dexterity You feel agile.
a - a +6 ring of dexterity (left hand)
You see here a +0 long sword.
You now have 88 gold pieces (gained 4).
Sigmund the Dreaded comes into view.
He is wielding a +0 scythe.
You see here a bat skeleton.
Sigmund shouts!
Sigmund barely misses you.
You hit Sigmund.
Sigmund is lightly wounded.
You hit Sigmund.
Sigmund is poisoned.
Sigmund is lightly wounded.
Sigmund points at you and mumbles some strange words.
You are confused.
You bump into the rock wall.
Sigmund hits you with a +0 scythe.
You bump into the rock wall.
Sigmund casts a spell.
Sigmund flickers and vanishes!
Deactivating autopickup; reactivate with Ctrl-A.
Something closely misses you.
You bump into the rock wall.
You barely miss something. Something hits you but does no damage.
You miss something. You completely miss something.
You hear some strange, mumbled words.
A puff of flame appears from out of thin air!
The puff of flame hits you.
You closely miss something.
You feel less confused. Something hits you but does no damage.
You closely miss something. Something hits you.
You hit something. Something barely misses you. Something hits you!
Ouch! That really hurt!
You die...

.# #. #.... #.# #.# .... .# #.#
#.# ... #.# #.#.# ######..
#.#.#@# #....†.. #..##.# #.#
#.#####. #..{.# #.# #.# #. #.####
#.# #.# #. #.# ###.### #.# #.
#.####@####.....# #.# ##.
...#####.........#.#.#.###.# #..
#... ......................# #..
#..##.#.#.###.##.#)#.#.########..


There were no monsters in sight!

Vanquished Creatures
  3 adders (D:2)
  5 ball pythons
  An endoplasm (D:1)
  2 giant cockroaches (D:1)
  4 goblins
  5 hobgoblins
  2 jackals (D:1)
  6 kobolds
  A quokka (D:1)
  4 bats
  2 frilled lizards (D:2)
  4 rats
  A bush (D:1)
40 creatures vanquished.

Notes
Turn   | Place    | Note
-------+----------+-------------------------------------------
     0 | D:1      | Absynth the Kobold Enchanter began the quest for the Orb.
     0 | D:1      | Reached XP level 1. HP: 10/10 MP: 3/3
    88 | D:1      | Reached XP level 2. HP: 13/15 MP: 5/5
   687 | D:1      | Reached XP level 3. HP: 10/19 MP: 6/6
  1325 | D:2      | Learned a level 2 spell: Ensorcelled Hibernation
  1688 | D:2      | Reached skill level 5 in Stealth
  1688 | D:2      | Reached XP level 4. HP: 23/24 MP: 8/8
  1927 | D:2      | Noticed Sigmund
  1959 | D:2      | Slain by Sigmund

Illustrated notes

Levels and vault maps discovered:
D:1:      evilmike_arrival_crescent, layout_rooms, serial_forest,
          infiniplex_forest_side_room, infiniplex_forest_corner_1,
          infiniplex_forest_split, infiniplex_forest_clump_large,
          minmay_tree_intersection, amethyst_killhole, reono_crystal_passage
D:2:      layout_loops_ring, hangedman_abyss_or_decor_lesser_grid, minivault_23,
          chequers_serial_rivers_micro_d, uniq_sigmund

Skill      XL: |  1  2  3  4 |
---------------+-------------+-----
Short Blades   | 2 |  2.4
Stealth        | 5 |  5.1
Spellcasting   | 3 |  3.0
Dodging        | |  2.4
Hexes          | |  3.3

Action                   |  1- 3 |  4- 6 || total
-------------------------+-------+-------++-------
Melee: Dagger            |   380 |    13 ||   393
       Punch             |     8 |       ||     8
       Short sword       |    14 |       ||    14
 Stab: Sleeping          |    19 |     3 ||    22
Armor: Robe              |    14 |     2 ||    16
Dodge: Dodged            |    52 |     4 ||    56

Table legend: (Time is in decaauts)
 A = Elapsed time spent in this place.
 B = Non-inter-level travel time spent in this place.
 C = Inter-level travel time spent in this place.
 D = Time resting spent in this place.
 E = Time spent auto-exploring this place.
 F = Levels seen in this place.
 G = Mean time per level.
                   A        B        C        D        E       F      G
               +--------+--------+--------+--------+--------+-----+--------+
         Total |   1927 |   1896 |     31 |    179 |   1079 |   2 |  963.5 |
       Dungeon |   1927 |   1896 |     31 |    179 |   1079 |   2 |  963.5 |
               +--------+--------+--------+--------+--------+-----+--------+

Top non-repeatable levels by time:
     D:1: 1206 daAuts
     D:2: 720 daAuts
